 Dungeon Crawl Stone Soup version 0.31-a0-152-g6aa68a64a1 (webtiles) character file.

Game seed: 11495392762689977972

144 qw the Shooter (level 5, -4/46 HPs)
             Began as a Minotaur Hunter on June 9, 2023.
             Slain by Grinder (8 damage)
             ... on level 3 of the Dungeon.
             The game lasted 00:00:36 (1735 turns).

qw the Shooter (Minotaur Hunter)                    Turns: 1735, Time: 00:00:36

Health: -4/46      AC:  5    Str: 21    XL:     5   Next: 5%
Magic:  4/4        EV: 11    Int:  6    God:
Gold:   147        SH:  0    Dex: 16    Spells: 4/4 levels left

rFire   . . .        Y - +0 shortbow
rCold   . . .        (shield currently unavailable)
rNeg    . . .        e - +0 ring mail
rPois   .            (helmet restricted)
rElec   .            (no cloak)
rCorr   .            (no gloves)
SInv    .            (no boots)
Will    .....        (no amulet)
Stlth   +            d - +6 ring of strength
HPRegen 0.27/turn    (no ring)
MPRegen 0.09/turn

%: no passive effects
@: about to teleport
A: horns 2, retaliatory headbutt
a: no special abilities


You were on level 3 of the Dungeon.
You visited 1 branch of the dungeon, and saw 3 of its levels.

You collected 147 gold pieces.


Innate Abilities, Weirdness & Mutations

You have a pair of horns on your head.
You reflexively headbutt those who attack you in melee.


   Skills:
 - Level 4.0 Fighting
 + Level 6.2 Ranged Weapons
 - Level 1.0 Armour
 - Level 2.1 Dodging
 - Level 0.7 Stealth


You had 4 spell levels left.
You didn't know any spells.
Your spell library was empty.

Inventory:

Hand Weapons
 Y - a +0 shortbow (weapon)
Armour
 e - a +0 ring mail (worn)
Jewellery
 d - a +6 ring of strength (left hand)
Scrolls
 b - 2 scrolls of teleportation
 c - a scroll of enchant weapon {unknown}
 j - 2 scrolls of identify
Potions
 a - a potion of heal wounds {unknown}
 f - a potion of enlightenment {unknown}
 g - a potion of curing
 i - a potion of cancellation

Dungeon Overview and Level Annotations

Branches:
Dungeon (3/15)

Altars:
Fedhas
Sif Muna

Shops:
D:1 (

Annotations:
D:3 Grinder


Message History

You shoot an arrow. The arrow barely misses Grinder.
Grinder barely misses you. You furiously retaliate!
You headbutt Grinder, but do no damage. You shoot an arrow.
The arrow barely misses Grinder.
Grinder hits you but does no damage.
You shoot an arrow. The arrow hits Grinder.
Grinder is heavily wounded.
Grinder hits you.
You writhe in agony.
You shoot an arrow. The arrow barely misses Grinder.
Grinder gestures at you. You resist with significant effort. Grinder hits you.
You writhe in agony.
You shoot an arrow. The arrow closely misses Grinder.
Grinder gestures at you. You resist with significant effort.
You shoot an arrow. The arrow hits Grinder.
Grinder is heavily wounded.
Grinder gestures at you. You resist with significant effort.
You shoot an arrow. The arrow barely misses Grinder.
Grinder says, "There's only one good use for a tongue: cutting it out."
Grinder drinks a potion.
Grinder is healed!
You shoot an arrow. The arrow hits Grinder.
Grinder is heavily wounded.
Grinder hits you but does no damage.
You shoot an arrow. The arrow hits Grinder.
Grinder is heavily wounded.
Grinder misses you. Grinder gestures at you.
You suddenly lose the ability to move!
Grinder hits you!
You writhe in agony.
Grinder hits you!
You writhe in agony.
Grinder blinks!
You can move again.
1734 ||| READING 3 scrolls of teleportation.
As you read the scroll of teleportation, it crumbles to dust.
You feel strangely unstable.
You shoot an arrow. The arrow hits Grinder.
Grinder is heavily wounded.
Grinder hits you!
You die...

##### ### #...# #..
#...###..
$..#############...#....
......5@.......'...'....
...#############...#....
###........#....
##...............
#..~~.~~~~~~.<###
####..~.......~.####
......~.#####.~.....
###[..~.....#.~.....
##..~.#._.#.~.....


You could see Grinder.

Vanquished Creatures
  Jessica (D:2)
  Terence (D:2)
  Natasha (twice) (D:2)
  An adder (D:3)
  A dart slug (D:3)
  An endoplasm (D:2)
  2 giant cockroaches
  A goblin (D:2)
  2 hobgoblins (D:2)
  2 jackals (D:2)
  A quokka (D:3)
  6 ball pythons
  6 bats
  4 frilled lizards
  2 kobolds
  4 rats
37 creatures vanquished.

Notes
Turn   | Place    | Note
-------+----------+-------------------------------------------
     0 | D:1      | qw the Minotaur Hunter began the quest for the Orb.
     0 | D:1      | Reached XP level 1. HP: 18/18 MP: 0/0
     0 | D:1      | 0 ||| qw: Version: 0.2-a-122-g1db1318
     0 | D:1      | 0 ||| qw: Game counter: 3238
     0 | D:1      | 0 ||| qw: Always use a shield: true
     0 | D:1      | 0 ||| qw: God list: Okawaru
     0 | D:1      | 0 ||| qw: Allow faded altars: false
     0 | D:1      | 0 ||| qw: Do Orc after D:15 true
     0 | D:1      | 0 ||| qw: Do second Lair branch before Depths: true
     0 | D:1      | 0 ||| qw: Lair rune preference: random
     0 | D:1      | 0 ||| qw: Plans: Normal
     0 | D:1      | 0 ||| PLANNING D:1-11
   201 | D:1      | Found Hiomuagg's Antique Weapon Emporium.
   598 | D:1      | 598 ||| UPGRADING to +6 ring of strength.
   599 | D:1      | 599 ||| DROPPING ring of flight.
   600 | D:1      | 600 ||| READING scroll labelled IPHAPP TODEU.
   601 | D:1      | 601 ||| READING 2 scrolls labelled FUNADW FAAB.
   602 | D:1      | 602 ||| READING 2 scrolls labelled ULLETI DIJ DISH.
   603 | D:1      | 603 ||| READING scroll labelled CUEXUMORYD.
   604 | D:1      | 604 ||| DRINKING 2 fizzy pink potions.
   605 | D:1      | 605 ||| DROPPING scroll of butterflies.
   606 | D:1      | 606 ||| DROPPING scroll of blinking.
   626 | D:2      | Reached XP level 2. HP: 25/25 MP: 1/1
   646 | D:2      | Reached skill level 5 in Ranged Weapons
   754 | D:2      | Noticed Jessica
   758 | D:2      | Killed Jessica
   759 | D:2      | Reached skill level 3 in Fighting
   759 | D:2      | Reached XP level 3. HP: 33/33 MP: 2/2
   760 | D:2      | Noticed Natasha
   768 | D:2      | Killed Natasha
   787 | D:2      | 787 ||| FLEEEEING.
   788 | D:2      | 788 ||| FLEEEEING.
   789 | D:2      | 789 ||| FLEEEEING.
   790 | D:2      | 790 ||| STAIRDANCE
   838 | D:2      | Reached XP level 4. HP: 40/40 MP: 3/3
   921 | D:2      | Noticed Terence
   934 | D:2      | Killed Terence
  1167 | D:2      | Found a blossoming altar of Fedhas.
  1226 | D:2      | Noticed Natasha
  1238 | D:2      | Killed Natasha
  1239 | D:2      | Reached skill level 6 in Ranged Weapons
  1467 | D:2      | 1467 ||| UPGRADING to +0 ring mail.
  1477 | D:2      | 1477 ||| DROPPING +0 leather armour.
  1478 | D:2      | 1478 ||| READING 3 scrolls labelled IDUNEFR XILI.
  1520 | D:3      | Reached XP level 5. HP: 46/46 MP: 4/4
  1544 | D:3      | Reached skill level 1 in Armour
  1583 | D:3      | Found a shimmering blue altar of Sif Muna.
  1710 | D:3      | Noticed Grinder
  1715 | D:3      | Paralysed by Grinder for 4 turns
  1729 | D:3      | Paralysed by Grinder for 5 turns
  1731 | D:3      | HP: 5/46 [Grinder (7)]
  1734 | D:3      | 1734 ||| READING 3 scrolls of teleportation.
  1735 | D:3      | Slain by Grinder

Levels and vault maps discovered:
D:1:      evilmike_arrival_crescent, layout_loops_ring, serial_shops, shop,
          wad_floor_pattern_1, corner_web_ring, minmay_misc_feat_ornament,
          hangedman_abyss_or_decor_lesser_grid
D:2:      layout_basic, basic_altar, uniq_jessica, uniq_natasha, uniq_terence
D:3:      layout_basic, mainiacjoe_overflow_brackets, uniq_grinder

Skill      XL: |  1  2  3  4  5 |
---------------+----------------+-----
Ranged Weapons | 5 6 |  6.2
Fighting       | 3 4 |  4.0
Armour         | 1 |  1.0
Dodging        | |  2.1
Stealth        | |  0.7

Action                     |  1- 3 |  4- 6 || total
---------------------------+-------+-------++-------
   Fire: Shortbow          |    44 |    85 ||   129
    Use: Scroll            |     4 |     2 ||     6
         Potion            |     1 |       ||     1
 Armour: Leather armour    |       |     2 ||     2
         Ring mail         |       |     6 ||     6
  Dodge: Dodged            |     5 |    22 ||    27

Table legend:
 A = Non-vault XP
 B = Vault XP
 C = Vault XP percentage of total XP
 D = Non-vault monster count
 E = Vault monster count
 F = Vault count percentage of total count
                 A         B        C        D         E       F
            +---------+---------+-------+---------+---------+-------
      Total |      98 |     108 |  52.4 |      34 |       3 |   8.1
            +---------+---------+-------+---------+---------+-------
        D:1 |      11 |       0 |   0.0 |       8 |       0 |   0.0
        D:2 |      61 |     108 |  63.9 |      17 |       3 |  15.0
        D:3 |      26 |       0 |   0.0 |       9 |       0 |   0.0
            +---------+---------+-------+---------+---------+-------
